 Dungeon Crawl Stone Soup version 0.21.0-24-g2553a33 (webtiles) character file.

2319 Gorglomux the Shield-Bearer (level 9, -2/57 HPs)
             Began as a Gargoyle Fighter on Jan 21, 2018.
             Was a Follower of Okawaru.
             Killed from afar by Dowan (18 damage)
             ... with a shard of ice
             ... on level 6 of the Dungeon.
             The game lasted 00:04:26 (4927 turns).

Gorglomux the Shield-Bearer (Gargoyle Fighter)      Turns: 4927, Time: 00:04:26

Health: -2/57      AC: 15    Str: 22    XL:     9   Next: 41%
Magic:  7/9        EV: 11    Int: 10    God:    Okawaru [*.....]
Gold:   251        SH: 12    Dex:  9    Spells: 8/8 levels left

rFire    . . .     SeeInvis .   a - +0 war axe
rCold    . . .     Gourm    .   c - +0 shield
rNeg     + . .     Faith    .   b - +0 scale mail
rPois    ∞         Spirit   .   (no helmet)
rElec    +         Reflect  .   (no cloak)
rCorr    .         Harm     .   (no gloves)
MR       .....                  (no boots)
Stlth    +.........             (no amulet)
HPRegen  0.19/turn              (no ring)
MPRegen  0.11/turn              (no ring)

@: heroism
A: negative energy resistance 1, electricity resistance, unbreathing,
petrification resistance, rot immunity, AC +6
a: Heroism, Renounce Religion


You were on level 6 of the Dungeon.
You worshipped Okawaru.
Okawaru was aware of your devotion.
You were hungry.

You visited 2 branches of the dungeon, and saw 7 of its levels.

You collected 251 gold pieces.

Inventory:

Hand Weapons
 a - a +0 war axe (weapon)
Armour
 b - a +0 scale mail (worn)
 c - a +0 shield (worn)
Jewellery
 v - a cursed ring of protection from cold {unknown}
Wands
 D - a wand of digging (12)
 P - a wand of paralysis (5)
Scrolls
 n - 2 scrolls of teleportation {unknown}
 q - 4 scrolls of remove curse {unknown}
 r - a scroll of amnesia {unknown}
 s - a scroll of fear
 w - a scroll of noise {unknown}
 x - a scroll of immolation {unknown}
 R - 13 scrolls of identify
 U - a scroll of magic mapping {unknown}
 X - 2 scrolls of enchant armour {unknown}
Potions
 d - a potion of might
 k - a potion of cancellation
 u - a potion of haste
 S - a potion of degeneration {unknown}
 T - a potion of flight {unknown}
 V - a potion of lignification
Books
 o - a book of Minor Magic

   Spells                             Type                      Level
   a - Magic Dart                     Conjuration                  1
   b - Blink                          Translocation                2
   c - Call Imp                       Summoning                    2
   d - Slow                           Hexes                        2
   e - Conjure Flame                  Conjuration/Fire             3
   f - Mephitic Cloud                 Conjuration/Poison/Air       3
Comestibles
 f - 8 rations
 W - 6 chunks of flesh


   Skills:
 + Level 7.5(12.5) Fighting
 + Level 5.8(10.8) Axes
 + Level 7.5(12.5) Armour
 + Level 7.5(12.5) Shields


You had 8 spell levels left.
You didn't know any spells.

Dungeon Overview and Level Annotations

Branches:
Dungeon (6/15)             Temple (1/1) D:5

Altars:
Ashenzari
Cheibriados
Dithmenos
Elyvilon
Fedhas
Gozag
Hepliaklqana
Makhleb
Nemelex Xobeh
Okawaru
Qazlal
Ru
Sif Muna
Trog
Uskayaw
Vehumet
Wu Jian
Xom
Yredelemnul
Zin
The Shining One

Annotations:
D:6 3 runed doors, Dowan


Innate Abilities, Weirdness & Mutations

You are resistant to torment.
Your stone body is resilient. (AC +6)
You are immune to poison.
You resist negative energy. (rN+)
You are resistant to electric shocks. (rElec)
You can survive without breathing.
You are immune to petrification.
You are immune to rotting.


Message History

Dowan is almost dead!
Dowan mumbles some strange words!
Dowan blinks!!!
Evoke which item? (* to show all) (? for menu, Esc to quit)
Aiming: Paralyse
Press: ? - help, Shift-Dir - straight line, butt - Dowan
Aim: Dowan, wielding a dagger and wearing a robe (almost dead, fast, chance to defeat MR: 46%) Dowan resists with some effort!
Dowan mumbles some strange words!
Dowan blinks!!!
You barely miss Dowan!
Dowan is almost dead!
Dowan breathes, "And she was my only!!!"
Dowan casts a spell at you! The shard of ice misses you!
You barely miss Dowan!
Dowan is almost dead!
Dowan gestures at you butt chanting! The shard of ice hits you!!! rip

.........#.# #.# #
######..†.#.# #.#
#.#...........#
#.#.####....#####.#
#.........<......(#
.#######.####....#######
.......#)## #....#
#####....# #....#
#.§...@e.# #....#
#.###....# #....###
#....# #......## #....#
#....#..#
#....#########'####
#....##............
.....##............
#....##....#######.
#....# #.


You could see Dowan.

Vanquished Creatures
  Pikel (D:4)
  The ghost of Gorglomux the Skirmisher, a novice GrFi of the Shining One (D:4)
  Grinder (D:6)
  Eustachio (D:6)
  Duvessa (D:6)
  A slave (D:4)
  A sky beast (D:5)
  A centaur (D:5)
  2 bullfrogs (D:6)
  A scorpion (D:6)
  A crimson imp (D:5)
  3 bullfrog zombies
  3 hounds
  A jelly (D:6)
  An orc priest (D:3)
  Natasha (twice) (D:3)
  2 iguanas (D:5)
  3 orc wizards (D:3)
  4 worker ants
  A hound skeleton (D:6)
  3 gnolls (D:4)
  6 adders
  An ooze (D:4)
  An adder zombie (D:5)
  3 worms
  4 dart slugs
  4 leopard geckos
  19 orcs
  4 giant cockroaches
  9 goblins
  9 hobgoblins
  22 jackals
  5 kobolds
  2 quokkas
  10 bats
  5 frilled lizards
  A jackal zombie (D:5)
  5 rats
145 creatures vanquished.

Vanquished Creatures (others)
  3 slaves (D:4)
  A hound (D:4)
  A worker ant (D:4)
  3 gnolls (D:4)
  An orc (D:4)
  3 jackals (D:4)
12 creatures vanquished.

Grand Total: 157 creatures vanquished

Notes
Turn   | Place    | Note
-------+----------+-------------------------------------------
     0 | D:1      | Gorglomux the Gargoyle Fighter began the quest for the Orb.
     0 | D:1      | Reached XP level 1. HP: 14/14 MP: 1/1
    48 | D:1      | Reached XP level 2. HP: 19/19 MP: 2/2
   481 | D:1      | Reached XP level 3. HP: 23/23 MP: 3/3
   794 | D:2      | Found a blossoming altar of Fedhas.
   875 | D:2      | Reached XP level 4. HP: 26/29 MP: 4/4
   926 | D:2      | Found a shadowy altar of Dithmenos.
  1638 | D:3      | Reached XP level 5. HP: 25/33 MP: 5/5
  1962 | D:3      | Reached skill level 3 in Axes
  1964 | D:3      | Noticed Natasha
  1975 | D:3      | Killed Natasha
  1975 | D:3      | Reached XP level 6. HP: 26/39 MP: 6/6
  2300 | D:3      | Noticed Natasha
  2307 | D:3      | Killed Natasha
  2391 | D:4      | Noticed a slave
  2393 | D:4      | Noticed a slave
  2393 | D:4      | Noticed Pikel
  2393 | D:4      | Noticed a slave
  2394 | D:4      | Noticed a slave
  2448 | D:4      | Killed Pikel
  2448 | D:4      | Reached XP level 7. HP: 27/44 MP: 7/7
  2706 | D:4      | Noticed Gorglomux's ghost (novice GrFi)
  2823 | D:4      | Killed Gorglomux's ghost
  2823 | D:4      | Reached skill level 6 in Fighting
  2823 | D:4      | Reached skill level 6 in Armour
  2823 | D:4      | Reached skill level 6 in Shields
  2823 | D:4      | Reached XP level 8. HP: 12/51 MP: 8/8
  3267 | D:5      | Entered Level 5 of the Dungeon
  3348 | D:5      | Found a bloodstained altar of Trog.
  3352 | D:5      | Found a stormy altar of Qazlal.
  3354 | D:5      | Found a hide-covered altar of Uskayaw.
  3354 | D:5      | Found a sparkling altar of Nemelex Xobeh.
  3355 | D:5      | Found a radiant altar of Vehumet.
  3355 | D:5      | Found a glowing silver altar of Zin.
  3357 | D:5      | Found a sacrificial altar of Ru.
  3359 | D:5      | Found a hazy altar of Hepliaklqana.
  3588 | D:5      | Found a staircase to the Ecumenical Temple.
  3662 | Temple   | Entered the Ecumenical Temple
  3827 | Temple   | Became a worshipper of Warmaster Okawaru
  4039 | D:5      | Noticed a moth of wrath
  4042 | D:5      | Found a bloodstained altar of Trog.
  4485 | D:6      | Reached XP level 9. HP: 47/56 MP: 9/9
  4514 | D:6      | Noticed Eustachio
  4530 | D:6      | Killed Eustachio
  4589 | D:6      | Found a shattered altar of Ashenzari.
  4654 | D:6      | Found a runed door.
  4761 | D:6      | Found an ornate altar of the Wu Jian Council.
  4851 | D:6      | Found a runed door.
  4864 | D:6      | Found a runed door.
  4879 | D:6      | Noticed Grinder
  4887 | D:6      | Killed Grinder
  4887 | D:6      | Reached * piety under Okawaru
  4891 | D:6      | Noticed Duvessa
  4891 | D:6      | Noticed Dowan
  4912 | D:6      | Killed Duvessa
  4927 | D:6      | Killed from afar by Dowan

Skill      XL: |  1  2  3  4  5  6  7  8  9 |
---------------+----------------------------+-----
Axes           | 2 3 4 5 |  5.8
Fighting       | 4 5 6 7 |  7.5
Shields        | 4 5 6 7 |  7.5
Armour         | 4 5 6 7 |  7.5

Action                   |  1- 3 |  4- 6 |  7- 9 || total
-------------------------+-------+-------+-------++-------
Melee: War axe           |   121 |   237 |   290 ||   648
Invok: Heroism           |       |       |     2 ||     2
Evoke: Wand              |       |       |     1 ||     1
  Use: Potion            |       |     5 |     2 ||     7
       Scroll            |       |       |     2 ||     2
  Eat: Chunk             |       |     6 |     8 ||    14
Armor: Scale mail        |    85 |   192 |   174 ||   451
       Skin              |       |    13 |     9 ||    22
Dodge: Dodged            |    51 |    79 |    88 ||   218
Block: Shield            |    73 |   132 |   187 ||   392
